| TOP OF THE 1ST |
|
Chester Pirates batting - Pitching for Paris Cubs : LHP Noah Hornby
|
|
Pitching: LHP Noah Hornby
|
|
|
Batting: RHB Rusty Trader
|
0-0: Ball 1-0: Called Strike 1-1: SINGLE (Line Drive, 4D, EV 98.8 MPH)
|
|
Batting: RHB Dan Kurtz
|
0-0: Called Strike 0-1: Foul Ball, location: 2F 0-2: Ball 1-2: Foul Ball, location: 2F 1-2: Ball 2-2: Ball 3-2: 2-RUN HOME RUN (Flyball, 78XD, EV 114.4 MPH), Distance : 432 ft
|
|
Batting: RHB Jon Solis
|
0-0: Foul Ball, location: 2F 0-1: Ball 1-1: Called Strike 1-2: Foul Ball, location: 2F 1-2: Ground out 1-3 (Groundball, 15S, EV 73.1 MPH)
|
|
Batting: LHB Chad Cutler
|
0-0: Ball 1-0: Called Strike 1-1: Called Strike 1-2: Ball 2-2: SINGLE (Line Drive, 6D, EV 96.2 MPH)
|
|
Batting: RHB Ricky Alvarado
|
0-0: Ball 1-0: SINGLE (Groundball, 56, EV 107.5 MPH) (infield hit) Chad Cutler to second
|
|
Batting: LHB Kazuyoshi Ikeda
|
0-0: Called Strike Chad Cutler steals 3rd base 0-1: Fielders Choice at 2nd, 6-4 (Groundball, 6, EV 90.6 MPH) Chad Cutler scores
|
|
Batting: RHB Hector Barajas
|
0-0: Ball 1-0: Ball 2-0: Swinging Strike 2-1: Ball 3-1: Base on Balls Kazuyoshi Ikeda to second
|
|
Batting: RHB Rafael Galicia
|
0-0: 3-RUN HOME RUN (Flyball, 7D, EV 98.1 MPH), Distance : 385 ft
|
|
Batting: LHB Damien Cohen
|
0-0: Called Strike 0-1: Ball 1-1: Called Strike 1-2: DOUBLE (Line Drive, 9LM, EV 92.5 MPH)
|
|
Pitching: LHP Jerry Tyson
|
|
|
Batting: RHB Rusty Trader
|
0-0: Ball 1-0: Foul Ball, location: 2F 1-1: Ball 2-1: Fly out, F5 (Line Drive, 56, EV 68.1 MPH)
|
| Top of the 1st over - 6 runs, 6 hits, 0 errors, 1 left on base; Chester 6 - Paris 0 |
| BOTTOM OF THE 1ST |
|
Paris Cubs batting - Pitching for Chester Pirates : RHP Sung-jae Choo
|
|
Pitching: RHP Sung-jae Choo
|
|
|
Batting: RHB Dan Orozco
|
0-0: Hit by Pitch
|
|
Batting: RHB Dave de Wolff
|
0-0: Called Strike Dan Orozco steals 2nd base 0-1: Ground out 4-3 (Groundball, 4, EV 81.9 MPH) Dan Orozco to third
|
|
Batting: RHB Jorge Lagunas
|
0-0: Foul Ball, location: 2F 0-1: Ball 1-1: Fly out, F8 (Flyball, 8LS, EV 96.9 MPH)
|
|
Batting: SHB Jim Lloyd
|
0-0: Called Strike 0-1: Called Strike 0-2: SINGLE (Groundball, 4, EV 94.4 MPH) Dan Orozco scores
|
|
Batting: RHB Mike Stein
|
0-0: Ball 1-0: Foul Ball, location: 2F 1-1: Called Strike Jim Lloyd steals 2nd base 1-2: Ball Wild Pitch! Jim Lloyd to third 2-2: Ground out 6-3 (Groundball, 6D, EV 83.8 MPH)
|
| Bottom of the 1st over - 1 run, 1 hit, 0 errors, 1 left on base; Chester 6 - Paris 1 |
| TOP OF THE 2ND |
|
Chester Pirates batting - Pitching for Paris Cubs : LHP Jerry Tyson
|
|
Batting: RHB Dan Kurtz
|
0-0: Swinging Strike 0-1: Ball 1-1: Called Strike 1-2: Foul Ball, location: 2F 1-2: Fly out, F9 (Flyball, 9, EV 90.6 MPH)
|
|
Batting: RHB Jon Solis
|
0-0: Ball 1-0: Ball 2-0: Foul Ball, location: 2F 2-1: Called Strike 2-2: SOLO HOME RUN (Flyball, 9D, EV 106.2 MPH), Distance : 389 ft
|
|
Batting: LHB Chad Cutler
|
0-0: Foul Ball, location: 2F 0-1: Ball 1-1: Ball 2-1: Fly out, F4 (Flyball, 34D, EV 93.8 MPH)
|
|
Batting: RHB Ricky Alvarado
|
0-0: Ball 1-0: Ball 2-0: SOLO HOME RUN (Flyball, 7D, EV 98.8 MPH), Distance : 386 ft
|
|
Batting: LHB Kazuyoshi Ikeda
|
0-0: Foul Ball, location: 2F 0-1: Ball 1-1: Foul Ball, location: 2F 1-2: Strikes out swinging
|
| Top of the 2nd over - 2 runs, 2 hits, 0 errors, 0 left on base; Chester 8 - Paris 1 |
| BOTTOM OF THE 2ND |
|
Paris Cubs batting - Pitching for Chester Pirates : RHP Sung-jae Choo
|
|
Batting: RHB Bartolo Aguilar
|
0-0: Ball 1-0: Called Strike 1-1: Called Strike 1-2: Foul Ball, location: 2F 1-2: Foul Ball, location: 2F 1-2: Foul Ball, location: 2F 1-2: SINGLE (Groundball, 6MD, EV 83.8 MPH) (infield hit)
|
|
Batting: RHB Jorge Gonzalez
|
0-0: Ball Wild Pitch! Bartolo Aguilar to second 1-0: Called Strike 1-1: Foul Ball, location: 2F 1-2: Ball 2-2: Ground out 5-3 (Groundball, 56S, EV 85.0 MPH)
|
|
Batting: RHB Willie Rubio
|
0-0: Foul Ball, location: 2F 0-1: Swinging Strike 0-2: Strikes out looking
|
|
Batting: RHB Steve Vint
|
0-0: Ground out 5-3 (Groundball, 5, EV 80.0 MPH)
|
| Bottom of the 2nd over - 0 runs, 1 hit, 0 errors, 1 left on base; Chester 8 - Paris 1 |
| TOP OF THE 3RD |
|
Chester Pirates batting - Pitching for Paris Cubs : LHP Jerry Tyson
|
|
Batting: RHB Hector Barajas
|
0-0: Called Strike 0-1: Called Strike 0-2: Ball 1-2: Ball 2-2: Strikes out swinging
|
|
Batting: RHB Rafael Galicia
|
0-0: Called Strike 0-1: Swinging Strike 0-2: Foul Ball, location: 2F 0-2: Ball 1-2: Strikes out swinging
|
|
Batting: LHB Damien Cohen
|
0-0: Called Strike 0-1: Ball 1-1: Ball 2-1: Foul Ball, location: 2F 2-2: Foul Ball, location: 2F 2-2: Strikes out swinging
|
| Top of the 3rd over - 0 runs, 0 hits, 0 errors, 0 left on base; Chester 8 - Paris 1 |
| BOTTOM OF THE 3RD |
|
Paris Cubs batting - Pitching for Chester Pirates : RHP Sung-jae Choo
|
|
Batting: RHB Dan Orozco
|
0-0: Called Strike 0-1: Ball 1-1: Called Strike 1-2: Ball 2-2: Foul Ball, location: 2F 2-2: Foul Ball, location: 2F 2-2: Foul Ball, location: 2F 2-2: Strikes out swinging
|
|
Batting: RHB Dave de Wolff
|
0-0: Called Strike 0-1: Ball 1-1: Swinging Strike 1-2: Foul Ball, location: 2F 1-2: Hit by Pitch
|
|
Batting: RHB Jorge Lagunas
|
0-0: Called Strike 0-1: Fly out, F7 (Flyball, 7LD, EV 96.9 MPH)
|
|
Batting: SHB Jim Lloyd
|
0-0: Fly out, F7 (Flyball, 7LS, EV 83.1 MPH)
|
| Bottom of the 3rd over - 0 runs, 0 hits, 0 errors, 1 left on base; Chester 8 - Paris 1 |
| TOP OF THE 4TH |
|
Chester Pirates batting - Pitching for Paris Cubs : LHP Jerry Tyson
|
|
Pitching: RHP Brian Jarrett
|
|
|
Batting: RHB Rusty Trader
|
0-0: Ground out 6-3 (Groundball, 6, EV 101.2 MPH)
|
|
Batting: RHB Dan Kurtz
|
0-0: Ball 1-0: Ball 2-0: Ball 3-0: Foul Ball, location: 2F 3-1: Swinging Strike 3-2: Strikes out swinging
|
|
Batting: RHB Jon Solis
|
0-0: Called Strike 0-1: Called Strike 0-2: Strikes out swinging
|
| Top of the 4th over - 0 runs, 0 hits, 0 errors, 0 left on base; Chester 8 - Paris 1 |
| BOTTOM OF THE 4TH |
|
Paris Cubs batting - Pitching for Chester Pirates : RHP Sung-jae Choo
|
|
Batting: RHB Mike Stein
|
0-0: Ball 1-0: Ball 2-0: Called Strike 2-1: Called Strike 2-2: Foul Ball, location: 2F 2-2: Ball 3-2: Strikes out looking
|
|
Batting: RHB Bartolo Aguilar
|
0-0: Foul Ball, location: 2F 0-1: Swinging Strike 0-2: Ball 1-2: Foul Ball, location: 2F 1-2: Ball 2-2: Strikes out swinging
|
|
Batting: RHB Jorge Gonzalez
|
0-0: Ball 1-0: Ball 2-0: Called Strike 2-1: Foul Ball, location: 2F 2-2: Hit by Pitch
|
|
Batting: RHB Willie Rubio
|
0-0: Called Strike 0-1: Foul Ball, location: 2F 0-2: Foul Ball, location: 2F 0-2: Ball 1-2: Strikes out swinging
|
| Bottom of the 4th over - 0 runs, 0 hits, 0 errors, 1 left on base; Chester 8 - Paris 1 |
| TOP OF THE 5TH |
|
Chester Pirates batting - Pitching for Paris Cubs : RHP Brian Jarrett
|
|
Batting: LHB Chad Cutler
|
0-0: Called Strike 0-1: Ball 1-1: Swinging Strike 1-2: Strikes out swinging
|
|
Batting: RHB Ricky Alvarado
|
0-0: SINGLE (Line Drive, 89S, EV 110.6 MPH)
|
|
Batting: LHB Kazuyoshi Ikeda
|
0-0: Called Strike 0-1: Ball 1-1: Ball 2-1: Swinging Strike 2-2: Strikes out swinging
|
|
Batting: RHB Hector Barajas
|
0-0: Called Strike 0-1: Ball 1-1: Called Strike 1-2: Strikes out swinging
|
| Top of the 5th over - 0 runs, 1 hit, 0 errors, 1 left on base; Chester 8 - Paris 1 |
| BOTTOM OF THE 5TH |
|
Paris Cubs batting - Pitching for Chester Pirates : RHP Sung-jae Choo
|
|
Batting: RHB Steve Vint
|
0-0: Foul Ball, location: 2F 0-1: Called Strike 0-2: Ball 1-2: Foul Ball, location: 2F 1-2: Ball 2-2: Strikes out looking
|
|
Batting: RHB Dan Orozco
|
0-0: SINGLE (Flyball, 6D, EV 90.0 MPH)
|
|
Batting: RHB Dave de Wolff
|
0-0: Ball Wild Pitch! Dan Orozco to second 1-0: Ball 2-0: Ball 3-0: Called Strike 3-1: Foul Ball, location: 2F 3-2: Fly out, F8 (Flyball, 8RD, EV 91.2 MPH)
|
|
Batting: RHB Jorge Lagunas
|
0-0: Ball 1-0: SINGLE (Groundball, 34D, EV 96.9 MPH) Dan Orozco to third Runner from 3rd tries for Home, SAFE, throw by RF to home
|
|
Batting: SHB Jim Lloyd
|
0-0: Called Strike 0-1: Swinging Strike 0-2: Ball 1-2: Strikes out swinging
|
| Bottom of the 5th over - 1 run, 2 hits, 0 errors, 1 left on base; Chester 8 - Paris 2 |
| TOP OF THE 6TH |
|
Chester Pirates batting - Pitching for Paris Cubs : RHP Brian Jarrett
|
|
Batting: RHB Rafael Galicia
|
0-0: Foul Ball, location: 2F 0-1: Fly out, F8 (Line Drive, 8RM, EV 90.0 MPH)
|
|
Batting: LHB Damien Cohen
|
0-0: Ball 1-0: Ball 2-0: Swinging Strike 2-1: Foul Ball, location: 2F 2-2: Strikes out swinging, 2-3 out at first.
|
|
Batting: RHB Rusty Trader
|
0-0: SINGLE (Groundball, 56D, EV 103.1 MPH)
|
|
Batting: RHB Dan Kurtz
|
0-0: Ball 1-0: Ball 2-0: Ball 3-0: Foul Ball, location: 2F 3-1: Foul Ball, location: 2F 3-2: Base on Balls Rusty Trader to second
|
|
Batting: RHB Jon Solis
|
0-0: Swinging Strike 0-1: Swinging Strike 0-2: Foul Ball, location: 2F 0-2: Strikes out swinging
|
| Top of the 6th over - 0 runs, 1 hit, 0 errors, 2 left on base; Chester 8 - Paris 2 |
| BOTTOM OF THE 6TH |
|
Paris Cubs batting - Pitching for Chester Pirates : RHP Sung-jae Choo
|
|
Batting: RHB Mike Stein
|
0-0: Ball 1-0: Ball 2-0: Ball 3-0: Base on Balls
|
|
Batting: RHB Bartolo Aguilar
|
0-0: Called Strike 0-1: Foul Ball, location: 2F 0-2: Ball 1-2: Foul Ball, location: 2F 1-2: Ball 2-2: Strikes out swinging
|
|
Batting: RHB Jorge Gonzalez
|
0-0: Ball 1-0: Called Strike 1-1: Foul Ball, location: 2F 1-2: Foul Ball, location: 2F 1-2: Foul Ball, location: 2F 1-2: Fly out, F9 (Flyball, 9, EV 91.9 MPH)
|
|
Batting: RHB Willie Rubio
|
0-0: Called Strike 0-1: Ball 1-1: Fielders Choice at 2nd, U4 (Groundball, 4M, EV 101.9 MPH)
|
| Bottom of the 6th over - 0 runs, 0 hits, 0 errors, 1 left on base; Chester 8 - Paris 2 |
| TOP OF THE 7TH |
|
Chester Pirates batting - Pitching for Paris Cubs : RHP Brian Jarrett
|
|
Batting: LHB Chad Cutler
|
0-0: Fly out, F9 (Flyball, 9LS, EV 78.8 MPH)
|
|
Batting: RHB Ricky Alvarado
|
0-0: Called Strike 0-1: Foul Ball, location: 2F 0-2: Ball 1-2: Ball 2-2: Ball 3-2: Fly out, F8 (Line Drive, 8LS, EV 91.9 MPH)
|
|
Batting: LHB Kazuyoshi Ikeda
|
0-0: Ball 1-0: Ball 2-0: Foul Ball, location: 2F 2-1: Ball 3-1: Base on Balls
|
|
Batting: RHB Hector Barajas
|
0-0: Ball 1-0: Fielders Choice at 2nd, 6-4 (Groundball, 6, EV 91.2 MPH)
|
| Top of the 7th over - 0 runs, 0 hits, 0 errors, 1 left on base; Chester 8 - Paris 2 |
| BOTTOM OF THE 7TH |
|
Paris Cubs batting - Pitching for Chester Pirates : RHP Sung-jae Choo
|
|
Pitching: LHP Angel Juarez
|
|
|
Batting: RHB Steve Vint
|
0-0: Fly out, F9 (Flyball, 9D, EV 91.2 MPH)
|
|
Batting: RHB Dan Orozco
|
0-0: Ball 1-0: Fly out, F8 (Flyball, 8RM, EV 95.6 MPH)
|
|
Batting: RHB Dave de Wolff
|
0-0: Ball 1-0: Ball 2-0: Called Strike 2-1: Ball 3-1: SOLO HOME RUN (Flyball, 7LD, EV 97.5 MPH), Distance : 352 ft
|
|
Batting: RHB Jorge Lagunas
|
0-0: Ball 1-0: Foul Ball, location: 2F 1-1: Ball 2-1: SINGLE (Groundball, 4MD, EV 98.1 MPH)
|
|
Batting: SHB Jim Lloyd
|
0-0: Fielders Choice at 2nd, 6-4 (Groundball, 6, EV 85.6 MPH)
|
| Bottom of the 7th over - 1 run, 2 hits, 0 errors, 1 left on base; Chester 8 - Paris 3 |
| TOP OF THE 8TH |
|
Chester Pirates batting - Pitching for Paris Cubs : RHP Brian Jarrett
|
|
Batting: RHB Rafael Galicia
|
0-0: Foul Ball, location: 2F 0-1: Ball 1-1: Fly out, F8 (Line Drive, 8RM, EV 90.6 MPH)
|
|
Batting: LHB Damien Cohen
|
0-0: Ball 1-0: Called Strike 1-1: Ball 2-1: Ball 3-1: Foul Ball, location: 2F 3-2: Foul Ball, location: 2F 3-2: Strikes out swinging
|
|
Pitching: RHP Man-keung Li
|
|
|
Batting: RHB Rusty Trader
|
0-0: Called Strike 0-1: Called Strike 0-2: Foul Ball, location: 2F 0-2: Strikes out swinging
|
| Top of the 8th over - 0 runs, 0 hits, 0 errors, 0 left on base; Chester 8 - Paris 3 |
| BOTTOM OF THE 8TH |
|
Paris Cubs batting - Pitching for Chester Pirates : LHP Angel Juarez
|
|
Batting: RHB Mike Stein
|
0-0: Swinging Strike 0-1: Fly out, F7 (Line Drive, 7, EV 91.2 MPH)
|
|
Batting: RHB Bartolo Aguilar
|
0-0: Fly out, F8 (Flyball, 78M, EV 95.0 MPH)
|
|
Batting: RHB Jorge Gonzalez
|
0-0: Ball 1-0: Foul Ball, location: 2F 1-1: Ball 2-1: Ground out U3 (Groundball, 34, EV 86.9 MPH)
|
| Bottom of the 8th over - 0 runs, 0 hits, 0 errors, 0 left on base; Chester 8 - Paris 3 |
| TOP OF THE 9TH |
|
Chester Pirates batting - Pitching for Paris Cubs : RHP Man-keung Li
|
|
Batting: RHB Dan Kurtz
|
0-0: Ball 1-0: Foul Ball, location: 2F 1-1: SOLO HOME RUN (Line Drive, 9LD, EV 93.1 MPH), Distance : 354 ft
|
|
Batting: RHB Jon Solis
|
0-0: Ball 1-0: Called Strike 1-1: Swinging Strike 1-2: Ball 2-2: Strikes out looking
|
|
Batting: LHB Chad Cutler
|
0-0: Ball 1-0: Ball 2-0: Called Strike 2-1: Foul Ball, location: 2F 2-2: Ground out 6-3 (Groundball, 4MD, EV 83.8 MPH)
|
|
Batting: RHB Ricky Alvarado
|
0-0: Ball 1-0: Ball 2-0: Ball 3-0: Called Strike 3-1: Base on Balls
|
|
Batting: LHB Kazuyoshi Ikeda
|
0-0: Ball 1-0: Called Strike 1-1: Hit by Pitch Ricky Alvarado to second
|
|
Batting: RHB Hector Barajas
|
0-0: Ball 1-0: Called Strike 1-1: Swinging Strike 1-2: Ball 2-2: Fielders Choice at 2nd, 6-4 (Groundball, 6, EV 76.9 MPH)
|
| Top of the 9th over - 1 run, 1 hit, 0 errors, 2 left on base; Chester 9 - Paris 3 |
| BOTTOM OF THE 9TH |
|
Paris Cubs batting - Pitching for Chester Pirates : LHP Angel Juarez
|
|
Batting: RHB Willie Rubio
|
0-0: Ball 1-0: Called Strike 1-1: Ball 2-1: Called Strike 2-2: Ground out 6-3 (Groundball, 6, EV 87.5 MPH)
|
|
Pitching: RHP Bill Gomez
|
|
|
Batting: RHB Steve Vint
|
0-0: Swinging Strike 0-1: Ball 1-1: Fly out, F8 (Line Drive, 8LM, EV 93.8 MPH)
|
|
Batting: RHB Dan Orozco
|
0-0: Called Strike 0-1: Foul Ball, location: 2F 0-2: Ball 1-2: Strikes out swinging
|
| Bottom of the 9th over - 0 runs, 0 hits, 0 errors, 0 left on base; Chester 9 - Paris 3 |
|